 Dungeon Crawl Stone Soup version 0.31-a0-1547-g618ab1f346 (webtiles) character file.

Game seed: 11783202174465648713

1709826 MackTheKnife the Slayer (level 25, 187/187 HPs)
             Began as a Gargoyle Alchemist on Jan 1, 2024.
             Was the Champion of Ashenzari.
             Escaped with the Orb
             ... and 3 runes on Jan 2, 2024!
             The game lasted 01:55:23 (60746 turns).

MackTheKnife the Slayer (Gargoyle Alchemist)       Turns: 60746, Time: 01:55:24

Health: 187/187    AC: 50    Str: 18      XL:     25   Next: 38%
Magic:  42/42      EV: 20    Int: 28 (29) God:    Ashenzari [******]
Gold:   2690       SH: 15    Dex: 14      Spells: 20/54 levels left

rFire   + + +        a - +9 eveningstar of Ashenzari's Anxiety {vamp, mace, Dev, Comp} (curse)
rCold   + + .        f - +0 kite shield "Restrained Trepidation" {rC+, Self, Sorc} (curse)
rNeg    + + +        W - +3 fire dragon scales of Ashenzari's Doubts {rF++ rC-, Melee, Range} (curse)
rPois   ∞            t - +0 helmet "Disgust of Ashenzari" {Int+3, Cun, Melee} (curse)
rElec   +            O - scarf of Ashenzari's Submission {shadows, rC+ Will++ Stlth+, Sorc, Fort} (curse)
rCorr   .            T - +2 pair of gloves of the Ensconced Gnosis {+Blink rF+ rN+, Elem, Dev} (curse)
SInv    +            p - +3 pair of mountain boots {steadfast, rC+, Melee, Elem} (curse)
Will    +++..        h - amulet of Ashenzari's Moon {Spirit rN+ Regen+ Int+2, Fort, Self} (curse)
Stlth   +            M - ring of Ashenzari's Seer {Int+6, Fort, Dev} (curse)
HPRegen 1.31/turn    L - ring "I Foresaw This" {EV+5, Self, Elem} (curse)
MPRegen 0.28/turn

%: clarity, guardian spirit
@: flying, studying 3 skills
A: sickness immunity, AC +19, big wings, negative energy resistance 1,
electricity resistance, torment resistance 1, petrification resistance,
iridescent scales 1, deterioration 1, mutation resistance 1, wild magic 1
0: Orb of Zot
}: 3/15 runes: serpentine, barnacled, slimy
a: Renounce Religion, Evoke Blink, Shatter the Chains


You escaped.
You worshipped Ashenzari.
Ashenzari was exalted by your worship.
You visited 10 branches of the dungeon, and saw 51 of its levels.
You visited 2 bazaars.
You also visited: Sewer and Ice Cave.

You collected 7404 gold pieces.
You spent 4714 gold pieces at shops.


Innate Abilities, Weirdness & Mutations

You are immune to sickness and miasma.
Your stone body is resilient. (AC +19)
You are immune to poison.
Your large and strong wings let you fly.
You resist negative energy. (rN+)
You are resistant to electric shocks. (rElec)
You are resistant to unholy torment.
You are immune to petrification.
You are partially covered in iridescent scales. (AC +2)
Your body sometimes deteriorates upon taking damage.
You are somewhat resistant to further mutation.
Your spells are a little harder to cast, but a little more powerful.


   Skills:
 - Level 22.9(27) Fighting
 - Level 14.3(19.0) Maces & Flails
 - Level 15.9(20.5) Armour
 - Level 10.8(13.3) Dodging
 - Level 2.1(4.0) Stealth
 - Level 15.9(20.5) Shields
 - Level 10.3(15.0) Spellcasting
 - Level 9.5(13.1) Conjurations
 - Level 7.2(9.8) Necromancy
 - Level 6.0 Translocations
 - Level 15.6(20.2) Ice Magic
 - Level 5.9(10.5) Air Magic
 - Level 7.7(11.4) Alchemy
 + Level 15.0(19.6) Evocations


You had 20 spell levels left.
You knew the following spells:

 Your Spells              Type           Power      Damage    Failure   Level
a - Sculpt Simulacrum     Ice/Alch       48%        N/A       3%          6
b - Olgreb's Toxic Radia  Alch           84%        N/A       1%          4
c - Mephitic Cloud        Conj/Alch/Air  85%        N/A       1%          3
d - Sticky Flame          Fire/Alch      64%        2d11      10%         4
e - Freezing Cloud        Conj/Ice/Air   46%        6-21      1%          5
f - Animate Dead          Necr           78%        N/A       2%          4
g - Dispel Undead         Necr           78%        3d26      2%          4
h - Vhi's Electric Charg  Tloc/Air       100%       N/A       4%          4

Your spell library contained the following spells:

 Spells                   Type           Power      Damage    Failure   Level
 Apportation              Tloc           100%       N/A       1%          1
 Kiss of Death            Conj/Necr      100%       2d13      1%          1
 Magic Dart               Conj           100%       1d8       1%          1
 Necrotise                Necr           100%       1d9       1%          1
 Shock                    Conj/Air       100%       1d9       1%          1
 Sting                    Conj/Alch      100%       1d9       1%          1
 Blink                    Tloc           100%       N/A       1%          2
 Lesser Beckoning         Tloc           100%       N/A       1%          2
 Mercury Vapours          Alch/Air       100%       N/A       1%          2
 Momentum Strike          Conj/Tloc      100%       3d10      1%          2
 Static Discharge         Conj/Air       100%       3-8/arc   1%          2
 Hailstorm                Conj/Ice       99%        3d16      1%          3
 Ozocubu's Armour         Ice            100%       N/A       1%          3
 Summon Ice Beast         Ice/Summ       80%        N/A       1%          3
 Swiftness                Air            81%        N/A       1%          3
 Vampiric Draining        Necr           78%        2d11      1%          3
 Airstrike                Air            40%        2d(6-22)  1%          4
 Fulminant Prism          Conj/Alch      43%        3d19      1%          4
 Dazzling Flash           Conj/Hex       100%       N/A       2%          3
 Stone Arrow              Conj/Erth      100%       3d13      2%          3
 Iskenderun's Mystic Bla  Conj/Tloc      77%        2d15      2%          4
 Irradiate                Conj/Alch      43%        3d26      2%          5
 Gell's Gravitas          Tloc           63%        N/A       3%          3
 Teleport Other           Tloc           63%        N/A       3%          3
 Alistair's Intoxication  Alch           56%        N/A       3%          5
 Arcjolt                  Conj/Air       42%        1d52      3%          5
 Metabolic Englaciation   Hex/Ice        39%        N/A       5%          5
 Curse of Agony           Necr           78%        N/A       6%          5
 Flame Wave               Conj/Fire      67%        2d15      7%          4
 Volatile Blastmotes      Fire/Tloc      100%       2d18      9%          3
 Summon Small Mammal      Summ           100%       N/A       10%         1
 Ignite Poison            Fire/Alch      64%        N/A       10%         4
 Passage of Golubria      Tloc           63%        N/A       10%         4
 Petrify                  Alch/Erth      63%        N/A       10%         4
 Slow                     Hex            100%       N/A       11%         1
 Scorch                   Fire           64%        2d7       12%         2
 Summon Lightning Spire   Summ/Air       61%        N/A       12%         4
 Martyr's Knell           Necr/Summ      59%        N/A       13%         4
 Conjure Ball Lightning   Conj/Air       42%        3x3d15    13%         6
 Call Imp                 Summ           58%        N/A       14%         2
 Jinxbite                 Hex            54%        N/A       16%         2
 Call Canine Familiar     Summ           29%        N/A       26%         3
 Inner Flame              Hex/Fire       29%        N/A       26%         3
 Death Channel            Necr           39%        N/A       26%         6
 Confusing Touch          Hex            27%        N/A       28%         3
 Sigil of Binding         Hex            27%        N/A       28%         3
 Tukima's Dance           Hex            27%        N/A       28%         3
 Dimensional Bullseye     Hex/Tloc       24%        N/A       28%         4
 Silence                  Hex/Air        30%        N/A       30%         5
 Summon Forest            Summ/Tloc      25%        N/A       56%         5
 Summon Blazeheart Golem  Fire/Summ      31%        N/A       58%         4
 Dispersal                Tloc           31%        N/A       73%         6
 Plasma Beam              Fire/Air       31%        2x1d44    78%         6
 Summon Mana Viper        Hex/Summ       28%        N/A       92%         5
 Summon Cactus Giant      Summ           14%        N/A       100%        6
 Haunt                    Necr/Summ      29%        N/A       100%        7
 Monstrous Menagerie      Summ           14%        N/A       100%        7
 Summon Hydra             Summ           14%        N/A       100%        7
 Discord                  Hex            13%        N/A       100%        8
 Disjunction              Tloc           31%        N/A       100%        8
 Infestation              Necr           39%        N/A       100%        8
 Lehudib's Crystal Spear  Conj/Erth      33%        10d9      100%        8
 Cigotuvi's Dreadful Rot  Necr/Alch/Air  Unusable   N/A       N/A         2
 Sublimation of Blood     Necr           Unusable   N/A       N/A         2

Inventory:

Hand Weapons
 a - the cursed +9 eveningstar of Ashenzari's Anxiety (weapon) {vamp, mace, Dev, Comp}
   (You acquired it on level 9 of the Dungeon)

   It has a curse which improves the following skills: Devices: Evocations and
   Shapeshifting.
   Companions: Summonings and Necromancy.
Missiles
 B - 14 curare-tipped darts {=fthrowing}
Armour
 f - the cursed +0 kite shield "Restrained Trepidation" (worn) {rC+, Self, Sorc}
   (You found it in an ice cave)

   It has a curse which improves the following skills: Introspection: Fighting
   and Spellcasting.
   Sorcery:   Conjurations and Alchemy.
 p - the cursed +3 pair of mountain boots (worn) {steadfast, rC+, Melee, Elem}
   (You bought it in a shop in a bazaar)

   Steadfast: It prevents involuntary movement, except for blinking,
   teleportation, or banishment.
   rC+:       It protects you from cold.
   It has a curse which improves the following skills: Melee Combat: Short
   Blades, Long Blades, Axes, Maces & Flails, Polearms, Staves and Unarmed
   Combat.
   Elements:  Fire Magic, Ice Magic, Air Magic and Earth Magic.
 t - the cursed +0 helmet "Disgust of Ashenzari" (worn) {Int+3, Cun, Melee}
   (You took it off Robin on level 4 of the Dungeon)

   It has a curse which improves the following skills: Cunning: Dodging and
   Stealth.
   Melee Combat: Short Blades, Long Blades, Axes, Maces & Flails, Polearms,
   Staves and Unarmed Combat.
 O - the cursed scarf of Ashenzari's Submission (worn) {shadows, rC+ Will++ Stlth+, Sorc, Fort}
   (You acquired it in a bazaar)

   rC+:       It protects you from cold.
   Will++:    It greatly increases your willpower.
   Stlth+:    It makes you more stealthy.
   It has a curse which improves the following skills: Sorcery: Conjurations and
   Alchemy.
   Fortitude: Armour and Shields.
 T - the cursed +2 pair of gloves of the Ensconced Gnosis (worn) {+Blink rF+ rN+, Elem, Dev}
   (You bought it in a shop on level 4 of the Vaults)

   rF+:       It protects you from fire.
   rN+:       It protects you from negative energy.
   +Blink:    It lets you blink.
   It has a curse which improves the following skills: Elements: Fire Magic, Ice
   Magic, Air Magic and Earth Magic.
   Devices:   Evocations and Shapeshifting.
 W - the cursed +3 fire dragon scales of Ashenzari's Doubts (worn) {rF++ rC-, Melee, Range}
   (You found it on level 3 of the Depths)

   rF++:      It greatly protects you from fire.
   rC-:       It makes you vulnerable to cold.
   It has a curse which improves the following skills: Melee Combat: Short
   Blades, Long Blades, Axes, Maces & Flails, Polearms, Staves and Unarmed
   Combat.
   Ranged Combat: Ranged Weapons and Throwing.
Jewellery
 h - the cursed amulet of Ashenzari's Moon (around neck) {Spirit rN+ Regen+ Int+2, Fort, Self}
   (You acquired it on level 2 of the Elven Halls)

   [amulet of guardian spirit]

   Spirit:    It causes incoming damage to be divided between your reserves of
   health and magic.
   Int+2:     It affects your intelligence (+2).
   rN+:       It protects you from negative energy.
   Regen+:    It increases your rate of health regeneration.
   It has a curse which improves the following skills: Fortitude: Armour and
   Shields.
   Introspection: Fighting and Spellcasting.
 L - the cursed ring "I Foresaw This" (right hand) {EV+5, Self, Elem}
   (You bought it in a shop on level 7 of the Dungeon)

   [ring of evasion]

   EV+5:      It affects your evasion (+5).
   It has a curse which improves the following skills: Introspection: Fighting
   and Spellcasting.
   Elements:  Fire Magic, Ice Magic, Air Magic and Earth Magic.
 M - the cursed ring of Ashenzari's Seer (left hand) {Int+6, Fort, Dev}
   (You found it on level 4 of the Lair of Beasts)

   [ring of intelligence]

   Int+6:     It affects your intelligence (+6).
   It has a curse which improves the following skills: Fortitude: Armour and
   Shields.
   Devices:   Evocations and Shapeshifting.
Wands
 l - a wand of flame (74)
   (You found it on level 10 of the Dungeon)
 n - a wand of light (14)
   (You found it on level 13 of the Dungeon)
 r - a wand of digging (22)
   (You found it on level 2 of the Lair of Beasts)
 G - a wand of roots (41)
   (You found it on level 6 of the Dungeon)
 H - a wand of charming (17)
   (You found it on level 12 of the Dungeon)
 I - a wand of mindburst (30)
   (You found it on level 11 of the Dungeon)
Scrolls
 d - 4 scrolls of immolation {!r!r}
 e - 9 scrolls of vulnerability {!r!r}
 g - 2 scrolls of silence {!r}
 m - 7 scrolls of poison
 x - 20 scrolls of teleportation {@r4}
 y - 5 scrolls of amnesia
 z - 5 scrolls of fog
 F - 2 scrolls of revelation
 K - 3 scrolls of fear
 Q - 3 scrolls of blinking {!r}
Potions
 b - 7 potions of magic
 c - 23 potions of curing {@q1}
 i - 14 potions of heal wounds {@q2}
 k - 12 potions of mutation {!q}
 o - 6 potions of resistance
 q - 4 potions of haste {@q3}
 s - 3 potions of cancellation
 u - 8 potions of invisibility
 v - 2 potions of ambrosia
 w - 4 potions of berserk rage {!q}
 A - 9 potions of brilliance
 C - 9 potions of enlightenment
Miscellaneous
 D - a phial of floods
   (You found it on level 4 of the Shoals)
 J - a phantom mirror (inert)
   (You found it on level 2 of the Vaults)
 P - a lightning rod (4/4)
   (You found it on level 13 of the Dungeon)
 S - a condenser vane
   (You found it on level 4 of the Vaults)

Dungeon Overview and Level Annotations

Branches:
Dungeon (15/15)            Temple (0/1) D:7            Lair (5/5) D:10
 Shoals (4/4) Lair:3        Snake (4/4) Lair:2        Slime (5/5) Lair:5
    Orc (2/2) D:10            Elf (3/3) Orc:2        Vaults (4/5) D:13
  Crypt (0/3) Vaults:2     Depths (4/4) D:15            Zot (5/5) Depths:4
  Sewer (visited)           IceCv (visited)

Altars:
Ashenzari
Cheibriados
Fedhas
Kikubaaqudgha
Makhleb
Nemelex Xobeh
Yredelemnul
The Shining One

Shops:
D:2 =   D:4 (   D:7 =!([   D:8 :   D:14 (   Orc:2 ([=!   Shoals:2 !
Shoals:3 :   Snake:2 :   Vaults:1 !(   Vaults:4 :[[?[   Depths:2 *

Portals:
Hell: Depths:1 Depths:2 Depths:3 Depths:4
Abyss: Depths:3
Pandemonium: Depths:1 Depths:2
Ziggurat: Depths:2
Trove: D:10 (give 4 scrolls of blinking)

Annotations:
D:1 exclusion: downstairs
D:13 3 runed translucent doors, Zargh's ghost, journeyman DsGl
Lair:1 3 runed translucent doors, Vavomeoc's ghost, journeyman GrEE
Lair:5 exclusion: oklob plant
Snake:2 Roxanne
Vaults:4 3 runed translucent doors, Inony's ghost, master FoHu; Nitziur's ghost, adept DrCj
Depths:2 exclusion: door
Depths:4 exclusion: orange crystal statue
Zot:5 17 runed doors, exclusion: upstairs

................###.....# #####
................# #.....# #...#
......#...####..# #.....# #...#
..........# #..###.....### #...#
.........#####............###...#
....#........##≈≈#'.............#
...#..##.....#....#.##.####.....#
......##....§≈§...≈.##.####.....#
.......#...§.≈.⌠@.≈.##.##....####
.......#.....≈....≈.#.....#.##
.......#.....#....#.#..####.#
.......###≈≈###≈≈###........#
.......^#....#.....#........#
...####.≈....≈.....##.......##
##### #.≈..⌠.≈.....#.........##
[...# #.≈....≈.....#.†.....#..#
P.P.###.#....#.....##......##.###


There were no monsters in sight!


Message History

😕 HP[-13] MP[-2]
You take 13 damage, and now have 174/187 hp.
You lost 2 mp, and now have 40/42 mp.
You hit the Hell Sentinel but do no damage. 😕 HP[+1]
You puncture the Hell Sentinel! You block the Hell Sentinel's attack.
The Hell Sentinel completely misses you. 😕 HP[+1]
You barely miss the Hell Sentinel. You barely miss the Hell Sentinel.
The Hell Sentinel hits you!
The Hell Sentinel misses you. 😕 HP[-6] MP[-1]
You take 6 damage, and now have 170/187 hp.
You lost 1 mp, and now have 39/42 mp.
You feel very mighty all of a sudden. 😕 HP[+1] MP[+1]
You sock the Hell Sentinel!
The Hell Sentinel hits you but does no damage.
You block the Hell Sentinel's attack.
You impale the Hell Sentinel!! 😕 HP[+1]
You completely miss the Hell Sentinel.
You block the Hell Sentinel's attack. x2 😕 HP[+1]
You hit the Hell Sentinel but do no damage.
You hit the Hell Sentinel.
The Hell Sentinel completely misses you. x2 😕 HP[+1]
You hit the Hell Sentinel but do no damage. 😕 HP[+1]
You flatten the Hell Sentinel like a pancake!!!
The Hell Sentinel completely misses you.
You block the Hell Sentinel's attack. 😕 MP[+1]
You hit the Hell Sentinel. 😕 HP[+1]
You barely miss the Hell Sentinel. You block the Hell Sentinel's attack.
The Hell Sentinel hits you but does no damage. 😕 HP[+1]
You puncture the Hell Sentinel! You puncture the Hell Sentinel!
The Hell Sentinel barely misses you.
You block the Hell Sentinel's attack. 😕 HP[+1]
You impale the Hell Sentinel!!
You kill the Hell Sentinel!
Your base Evocations skill increases to level 15! 😕 HP[+1] 😕 HP[+1] 😕 MP[+1]
Your mp is fully restored (42). 😕 HP[+1] 😕 HP[+1] 😕 HP[+1] 😕 HP[+1]
Things that are here:
a +0 scale mail; a +0 whip {mace}; a +0 war axe {axe} 😕 HP[+1]
There is a stone staircase leading up here. 😕 HP[+1]
You fly upwards.
There is a stone staircase leading down here. 😎 HP[+1]
Your hp is fully restored (187).
What level of the Dungeon? (default 1, ? - help)
There is a stone staircase leading up here.
You fly upwards.
There is a stone staircase leading down here.
Your extra speed is starting to run out.
There is an open door here.
You feel yourself slow down.
There is a stone staircase leading up here.
You fly upwards.
There is a stone staircase leading down here.
There is a stone staircase leading up here.
You fly upwards.
There is a stone staircase leading down here.
Key pressed, stopping travel.
Unknown command.
Unknown command.
There is a stone staircase leading up here.
You fly upwards.
There is a stone staircase leading down here.
What level of the Dungeon? (default 4, ? - help)
You feel a little less mighty now.
There is a stone staircase leading up here.
You fly upwards.
There is a stone staircase leading down here.
There is a stone staircase leading up here.
You fly upwards.
Level annotation: exclusion: downstairs
There is a stone staircase leading down here.
An Ice Fiend comes into view.
Blink to where?
Press: ? - help, Dir - move target
As you read the scroll of blinking {!r}, it crumbles to dust.
The Ice Fiend moves out of view.
Okay, then.
Blink to where?
Press: ? - help, Dir - move target
As you read the scroll of blinking {!r}, it crumbles to dust.
You have escaped!

Skill      XL: |  1  2  3  4  5  6  7  8  9 10 11 12 13 14 15 16 17 18 19 20 21 22 23 24 25 |
---------------+----------------------------------------------------------------------------+-----
Fighting       | 1 2 3 6 10 12 14 15 16 18 20 22 | 22.9
Alchemy        | 3 4 5 6 7 |  7.7
Spellcasting   | 3 5 6 10 | 10.3
Maces & Flails | 2 4 10 14 | 14.3
Dodging        | 3 5 6 10 | 10.8
Air Magic      | 2 5 |  5.9
Conjurations   | 4 9 |  9.5
Armour         | 5 6 8 11 13 15 | 15.9
Evocations     | 4 6 9 13 15 | 15.0
Shields        | 7 13 15 | 15.9
Ice Magic      | 3 10 13 15 | 15.6
Necromancy     | 4 7 |  7.2
Translocations | 3 6 |  6.0
Stealth        | |  2.1

Action                     |  1- 3 |  4- 6 |  7- 9 | 10-12 | 13-15 | 16-18 | 19-21 | 22-24 | 25-27 || total
---------------------------+-------+-------+-------+-------+-------+-------+-------+-------+-------++-------
  Melee: Unarmed           |    53 |       |       |       |       |       |       |       |       ||    53
         Punch             |     1 |     1 |     1 |     3 |     6 |       |       |       |       ||    12
         Dagger            |    11 |     6 |       |       |       |       |       |       |       ||    17
         Flail             |       |    53 |   207 |   174 |       |       |       |       |       ||   434
         Eveningstar       |       |       |       |   331 |   977 |  1410 |  1477 |  1761 |   144 ||  6100
  Throw: Dart              |       |       |    11 |    11 |       |       |       |       |       ||    22
   Cast: Sting             |    72 |   113 |    16 |       |       |       |       |       |       ||   201
         Olgreb's Toxic Ra |       |     2 |    37 |    65 |    72 |    11 |     1 |     1 |       ||   189
         Mephitic Cloud    |       |       |       |    26 |    11 |     1 |       |       |       ||    38
         Freezing Cloud    |       |       |       |       |       |    35 |    64 |    50 |       ||   149
         Sculpt Simulacrum |       |       |       |       |       |    19 |    13 |    38 |       ||    70
         Animate Dead      |       |       |       |       |       |       |       |     6 |       ||     6
         Vhi's Electric Ch |       |       |       |       |       |       |       |     2 |       ||     2
 Invoke: Curse Item        |     1 |     2 |     2 |     2 |     5 |     2 |     2 |     2 |       ||    18
         Shatter the Chain |       |     1 |     1 |     1 |     2 |       |     1 |     2 |       ||     8
  Evoke: Wand              |       |       |     7 |     5 |    18 |     4 |    17 |    10 |       ||    61
         Lightning rod     |       |       |       |       |       |     4 |     5 |    11 |       ||    20
         Condenser vane    |       |       |       |       |       |       |       |     2 |     1 ||     3
         Phantom mirror    |       |       |       |       |       |       |       |     1 |     1 ||     2
    Use: Scroll            |       |     2 |       |     7 |     9 |     1 |     7 |    15 |     4 ||    45
         Potion            |       |       |     3 |     2 |     3 |     2 |       |     9 |     8 ||    27
   Stab: Sleeping          |       |       |     1 |     1 |     4 |    25 |     8 |     5 |       ||    44
         Confused          |       |       |       |    25 |     9 |       |       |       |       ||    34
         Invisible         |       |       |       |     1 |     3 |       |       |       |       ||     4
         Distracted        |       |       |       |     1 |     1 |     3 |     3 |     7 |     5 ||    20
         Betrayed ally     |       |       |       |       |       |       |     1 |       |       ||     1
 Armour: Robe              |    45 |       |       |       |       |       |       |       |       ||    45
         Leather armour    |    18 |    69 |   147 |   374 |     9 |       |       |       |       ||   617
         Ring mail         |       |       |       |       |   520 |   530 |   794 |   545 |       ||  2389
         Fire dragon scale |       |       |       |       |       |       |       |   826 |    66 ||   892
  Dodge: Dodged            |    69 |    64 |   138 |   315 |   372 |   565 |   634 |  1104 |    36 ||  3297
  Block: Other             |       |       |    15 |   120 |    48 |       |       |       |       ||   183
         Reflection        |       |       |       |     3 |    19 |   134 |    33 |       |       ||   189
         Kite shield       |       |       |       |       |   570 |  1356 |   963 |  1313 |    57 ||  4259

Levels and vault maps discovered:
D:1:      dpeg_arrival_rooms_with_view, layout_rooms,
          shapermc_ecumenical_altar_flowoftime, st_stairs_14
D:2:      wad_pebble_path, layout_basic, serial_shops, shop,
          cheibrodos_gnoll_hut, uniq_jessica
D:3:      layout_loops_ring, serial_rivers, chequers_serial_rivers_micro_c,
          chequers_serial_rivers_marsh, chequers_serial_rivers_large_a,
          chequers_serial_rivers_micro_b
D:4:      layout_basic, serial_shops, nicolae_shop_trees, uniq_robin
D:5:      layout_loops_ring, nicolae_overflow_squiral, portal_sewer_entry_b
D:6:      layout_basic, mainiacjoe_overflow_24_doors, serial_glass,
          glass_columns_a, glass_columns_a, glass_columns_b, glass_columns_b,
          hangedman_decor_riveting, uniq_blork_the_orc, uniq_crazy_yiuf_cottage
D:7:      lemuel_ratsnest, layout_loops_ring, minmay_temple_entry_mist,
          serial_shops, nicolae_shop_pleasant_corner_grove, shop,
          nicolae_shop_rolling_square, nicolae_shop_scrapyard, uniq_maggie
D:8:      layout_loops_corners, mainiacjoe_overflow_small_starburst,
          makhleb_grotto_becter, serial_shops, nicolae_stop_n_shop_2,
          serial_bayou_pond_e, lightli_orcish_oven
D:9:      layout_cave_pools, lemuel_round_altar, evilmike_minifort
D:10:     layout_rooms, david_lair_shrubbed, orc_0_dummy,
          nicolae_trove_entry_crossroad, uniq_harold
D:11:     layout_grid_maze, nicolae_straight_to_the_point, uniq_psyche,
          uniq_lodul
D:12:     layout_stronghold, kennysheep_generic_room_3
D:13:     layout_basic, skrybe_vaults_entry_preservation,
          gammafunk_ghost_spectres, wad_scary_box, uniq_urug
D:14:     layout_layer_cave, chequers_serial_rivers_room_b, serial_shops, shop,
          kennysheep_flooded_box, roderic_batcave
D:15:     grunt_enter_depths_snipers, layout_rooms, yredelemnul_altar_generic
Lair:1:   layout_gridlike, gammafunk_ghost_necromancy, grunt_megastairs_1
Lair:2:   layout_small_grid, guppyfry_snake_entry_island,
          hellmonk_ghost_happy_afterlife, beast_lair_carwin_9, uniq_fannar
Lair:3:   layout_hall_layers, nicolae_shoals_entry_flooding, lemuel_fruit_tree
Lair:4:   layout_small_grid, portal_ice_cave_entry_pillars_1,
          grunt_megastairs_2, uniq_sonja
Lair:5:   wormcave, layout_regular_city, nicolae_slime_entry_field_trip,
          tgw_fedhas
Shoals:1: layout_shoals
Shoals:2: layout_shoals, serial_shops, shop, nicolae_shoals_cliffside_cave
Shoals:3: layout_shoals, serial_shops, nicolae_book_shop_shelving
Shoals:4: shoals_end_grunt_garden, layout_shoals, uniq_polyphemus
Snake:1:  layout_chambers, nicolae_snake_guarding_the_ruins, uniq_asterion
Snake:2:  layout_layer_cave, nicolae_shop_self_help, grunt_megastairs_3,
          nicolae_triple_integral, uniq_roxanne, uniq_aizul, uniq_louise
Snake:3:  layout_rooms, serial_shops, bzr_entry_gold,
          nicolae_snake_gridmaze_swirls, serial_library_hellmonk_junction,
          uniq_nikola
Snake:4:  johnstein_snake_rune_scales, layout_chambers
Slime:1:  layout_caves
Slime:2:  layout_caves
Slime:3:  layout_caves
Slime:4:  layout_caves
Slime:5:  slime_pit_nicolae_amoeboid
Orc:1:    layout_caves, basic_altar
Orc:2:    grunt_orc_community_town_hall, layout_diamond_mine,
          grunt_orc_community_big_house_1, grunt_orc_community_big_house_1,
          grunt_orc_community_house_3, grunt_orc_community_house_2,
          grunt_orc_community_house_1, grunt_orc_community_house_3,
          serial_shops, bzr_entry_safe
Elf:1:    nicolae_elf_arrival_fired_up, layout_onion_city,
          hangedman_elven_crosses_minicolossus
Elf:2:    nicolae_elf_blades_crystal_corner, layout_geoelf_octagon
Elf:3:    minmay_elf_hall_not_hex, layout_geoelf_grid,
          nicolae_elf_double_double_double_trouble
Vaults:1: nicolae_vaults_disjoint_gnomons, vaults_dpeg_diagonal, v_misc_10,
          nicolae_vaults_offset_grid_hallway_4, vaults_mumra_minichess,
          nicolae_vaults_little_squares_5, layout_vaults_omnigrid, serial_shops,
          shop, nicolae_shop_advertising_works [nicolae_subvault_shop_adworks],
          uniq_saint_roka
Vaults:2: ontoclasm_vaults_eye, nicolae_vaults_heart-shaped_vault,
          nicolae_vaults_diagonal_hallway_6, nicolae_vaults_puzzle_piece,
          minmay_crypt_entry_simple_box, v_pattern_2,
          ontoclasm_vaults_ring_square, nicolae_vaults_big_angled_halls,
          vaults_room_fancy_cross, v_misc_12, v_misc_26, vaults_dpeg_cross,
          nicolae_vaults_variable_pillar_hall, layout_vaults_ring
Vaults:3: nicolae_vaults_heist, nicolae_vaults_storage_closets_2,
          nicolae_vaults_heart-shaped_vault, nicolae_vaults_six-pack,
          nicolae_vaults_closet_pinwheel_4, nicolae_vaults_heart-shaped_vault,
          nicolae_vaults_trapezoid_2, nicolae_vaults_little_squares_6,
          ontoclasm_vaults_gateway, nicolae_vaults_tetromino_T_2,
          nicolae_vaults_layer_cake_slice, nicolae_vaults_shipping_containers_6,
          nicolae_vaults_house_2, nicolae_vaults_house_2,
          nicolae_vaults_house_2, nicolae_vaults_trapezoid_1,
          layout_vaults_omnibox, uniq_jory
Vaults:4: gammafunk_ghost_cemetery, vaults_room_hallway,
          hangedman_vaults_stagger, nicolae_vaults_closet_pinwheel_2,
          nicolae_vaults_double_plus_1, nicolae_vaults_cochlea,
          grunt_vaults_funnel, vaults_room_fours,
          nicolae_vaults_security_offices_4, nicolae_vaults_closet_pinwheel_2,
          layout_vaults_big_cross, serial_shops, shop, shop,
          nicolae_shop_peninsula, shop, shop
Depths:1: layout_big_octagon, lightli_too_deep, rand_demon_pan_entry_9,
          lemuel_old_faithful
Depths:2: wad_statue_garden, layout_gridlike, enter_ziggurat_a, pan_entry,
          nicolae_hell_entry_big_baal_hell, nicolae_the_louvre
Depths:3: minmay_blocking_statues, layout_cave_pools, minmay_crystal_water,
          grunt_hell_entry_dis_old, serial_column_ruins,
          column_ruins_open_medium, column_ruins_grid_4,
          column_ruins_columns_straight, column_ruins_open_tiny,
          column_ruins_open_small, column_ruins_grid_3, minmay_room_of_horrors,
          hex_medium
Depths:4: evilmike_zot_entry_round, layout_cave_pools, chequers_hall_statues_y,
          serial_shops, statue_bzr, hell_entry
Zot:1:    layout_concentric_octagons, skrybe_zot_glass_1,
          regret_index_zotdec_banners
Zot:2:    layout_gridlike, regret_index_zotdec_twisting_globes
Zot:3:    layout_twisted_circle, regret_index_zotdec_icy_dp
Zot:4:    layout_gridlike, st_stairs_9, lemuel_baited_zot_trap
Zot:5:    layout_misc_corridors, grunt_ministairs_1, not_door_vault_due

Notes
Turn   | Place    | Note
-------+----------+-------------------------------------------
     0 | D:1      | MackTheKnife the Gargoyle Alchemist began the quest for the
                  | Orb.
     0 | D:1      | Reached XP level 1. HP: 10/10 MP: 3/3
     0 | D:1      | magus.rc [v1.9.6]
   203 | D:1      | Reached skill level 1 in Fighting
   204 | D:1      | Reached XP level 2. HP: 10/16 MP: 0/5
   724 | D:1      | Reached XP level 3. HP: 21/21 MP: 3/6
   779 | D:1      | Reached skill level 3 in Alchemy
   800 | D:1      | Reached skill level 2 in Fighting
   971 | D:1      | Found a faded altar of an unknown god.
  1042 | D:1      | Prayed at the altar of an unknown god.
  1042 | D:1      | Became a worshipper of Ashenzari the Shackled
  1575 | D:2      | Found Oxkiopsa's Jewellery Boutique.
  1768 | D:2      | Reached XP level 4. HP: 26/26 MP: 0/7
  1867 | D:2      | Reached * piety under Ashenzari
  1873 | D:2      | Learned a level 4 spell: Olgreb's Toxic Radiance
  2253 | D:2      | Noticed Jessica
  2259 | D:2      | Killed Jessica
  2260 | D:2      | Reached skill level 4 in Alchemy
  2260 | D:2      | Reached XP level 5. HP: 30/30 MP: 3/8
  3642 | D:4      | Reached skill level 5 in Alchemy
  3752 | D:4      | Reached XP level 6. HP: 34/35 MP: 3/9
  3801 | D:4      | Found Uraa's Antique Weapon Boutique.
  4142 | D:4      | Noticed Robin
  4159 | D:4      | Killed Robin
  4649 | D:4      | Reached skill level 6 in Alchemy
  4732 | D:4      | Reached XP level 7. HP: 40/40 MP: 7/10
  4842 | D:4      | You pick up a book of Displacement and begin reading...
  4842 | D:4      | You add the spells Lesser Beckoning, Gell's Gravitas and
                  | Teleport Other to your library.
  5022 | D:5      | Entered Level 5 of the Dungeon
  5168 | D:5      | Reached skill level 3 in Spellcasting
  5211 | D:5      | Found a glowing drain.
  5228 | Sewer    | Entered a sewer
  5296 | Sewer    | Reached ** piety under Ashenzari
  5346 | Sewer    | Reached skill level 1 in Maces & Flails
  5378 | Sewer    | Found a white marble altar of Elyvilon.
  5441 | D:5      | Found a sparkling altar of Nemelex Xobeh.
  5444 | D:5      | Found a glowing golden altar of the Shining One.
  5520 | D:5      | Reached skill level 3 in Fighting
  5532 | D:5      | Reached skill level 2 in Maces & Flails
  5774 | D:5      | Reached XP level 8. HP: 45/46 MP: 5/13
  5776 | D:5      | magus.rc [v1.9.6]
  5836 | D:5      | Gained mutation: You passively map a small area around you.
                  | [potion of mutation]
  6033 | D:5      | Reached skill level 4 in Fighting
  6055 | D:5      | Noticed a two-headed ogre
  6067 | D:5      | Killed a two-headed ogre
  6068 | D:5      | Reached skill level 3 in Dodging
  6068 | D:5      | Reached skill level 6 in Fighting
  6244 | D:5      | Reached XP level 9. HP: 56/56 MP: 14/14
  6274 | D:5      | Reached skill level 7 in Fighting
  6939 | D:6      | Reached skill level 8 in Fighting
  6952 | D:6      | Learned a level 3 spell: Mephitic Cloud
  7210 | D:6      | Found a blossoming altar of Fedhas.
  7330 | D:6      | Reached skill level 1 in Air Magic
  7401 | D:6      | Noticed Blork the orc
  7410 | D:6      | Killed Blork the orc
  7411 | D:6      | Reached skill level 2 in Conjurations
  7479 | D:6      | Found a runed translucent door.
  7480 | D:6      | Noticed Crazy Yiuf
  7486 | D:6      | Killed Crazy Yiuf
  7660 | D:7      | Found Mobegh's Antique Weapon Shop.
  7718 | D:7      | Found Geusoac's Jewellery Boutique.
  7870 | D:2      | Bought an amulet of reflection for 390 gold pieces
  7979 | D:7      | Noticed Maggie
  7998 | D:7      | Killed Maggie
  7999 | D:7      | Reached skill level 3 in Conjurations
  7999 | D:7      | Reached skill level 2 in Air Magic
  8200 | D:7      | Found Toiwn's Distillery.
  8203 | D:7      | Bought a potion of curing for 42 gold pieces
  8298 | D:7      | Reached skill level 9 in Fighting
  8407 | D:7      | Found a staircase to the Ecumenical Temple.
  8428 | D:7      | Reached skill level 4 in Conjurations
  8470 | D:7      | Found Liwaexeq's Antique Armour Shop.
  8602 | D:7      | Reached skill level 10 in Fighting
  8602 | D:7      | Reached XP level 10. HP: 58/68 MP: 0/15
  8751 | D:7      | Reached skill level 4 in Spellcasting
  9016 | D:8      | Found an ancient bone altar of Kikubaaqudgha.
  9185 | D:8      | Reached skill level 5 in Spellcasting
  9223 | D:8      | Reached skill level 3 in Maces & Flails
  9348 | D:8      | You pick up a book of Blasting and begin reading...
  9348 | D:8      | You add the spells Volatile Blastmotes, Fulminant Prism and
                  | Iskenderun's Mystic Blast to your library.
  9589 | D:8      | Found a burning altar of Makhleb.
  9677 | D:8      | Reached skill level 4 in Maces & Flails
  9679 | D:8      | Reached skill level 1 in Armour
  9681 | D:8      | Reached skill level 2 in Armour
  9843 | D:8      | Found Utibinka's Book Emporium.
  9848 | D:8      | Reached skill level 3 in Armour
  9850 | D:8      | magus.rc [v1.9.6]
 10335 | D:9      | Reached skill level 4 in Armour
 10398 | D:9      | Reached skill level 5 in Armour
 10516 | D:9      | Noticed a deep elf zephyrmancer
 10519 | D:9      | Reached skill level 1 in Evocations
 10521 | D:9      | Reached skill level 2 in Evocations
 10521 | D:9      | Killed a deep elf zephyrmancer
 10522 | D:9      | Reached skill level 3 in Evocations
 10544 | D:9      | Reached skill level 4 in Evocations
 10581 | D:8      | Reached XP level 11. HP: 43/72 MP: 9/18
 10693 | D:9      | Identified a scroll of acquirement
 10710 | D:9      | Noticed a two-headed ogre
 10711 | D:9      | Acquired a +0 vampiric eveningstar
 10724 | D:9      | Noticed a two-headed ogre
 10738 | D:9      | Killed a two-headed ogre
 10739 | D:9      | Reached skill level 5 in Evocations
 10756 | D:9      | Killed a two-headed ogre
 10757 | D:9      | Reached skill level 6 in Evocations
 10757 | D:9      | Reached skill level 5 in Maces & Flails
 11131 | D:9      | Found a snail-covered altar of Cheibriados.
 11285 | D:9      | Noticed a two-headed ogre
 11394 | D:9      | Reached skill level 6 in Maces & Flails
 11458 | D:10     | Entered Level 10 of the Dungeon
 11458 | D:10     | Found a portal to a secret trove of treasure.
 11544 | D:10     | Found a staircase to the Lair.
 11773 | D:10     | Reached skill level 7 in Maces & Flails
 11827 | D:10     | Noticed Harold
 11875 | D:10     | HP: 18/74 [yak (11)]
 11876 | D:10     | Killed Harold
 11877 | D:10     | Reached skill level 8 in Maces & Flails
 12228 | D:10     | Found a staircase to the Orcish Mines.
 12381 | Lair:1   | Entered Level 1 of the Lair of Beasts
 12394 | Lair:1   | Reached skill level 9 in Maces & Flails
 12722 | Lair:1   | Reached skill level 10 in Maces & Flails
 12722 | Lair:1   | Reached XP level 12. HP: 80/80 MP: 18/21
 13069 | Lair:1   | Reached skill level 11 in Maces & Flails
 13177 | Lair:1   | Lost mutation: You passively map a small area around you.
                  | [potion of mutation]
 13177 | Lair:1   | Gained mutation: Your mind is acute. (Int +4, Str/Dex -1)
                  | [potion of mutation]
 13177 | Lair:1   | Lost mutation: Your mind is acute. (Int +4, Str/Dex -1)
                  | [potion of mutation]
 13177 | Lair:1   | Gained mutation: You are partially covered in iridescent
                  | scales. (AC +2) [potion of mutation]
 13272 | Lair:1   | Found a runed translucent gate.
 13283 | Lair:1   | Found a runed translucent gate.
 13284 | Lair:1   | Found a runed translucent gate.
 13286 | Lair:1   | Noticed Vavomeoc's ghost (journeyman GrEE)
 13559 | Lair:2   | Noticed a four-headed hydra
 13570 | Lair:2   | Killed a four-headed hydra
 13704 | Lair:2   | Reached skill level 12 in Maces & Flails
 13836 | Lair:2   | Reached skill level 13 in Maces & Flails
 13968 | Lair:2   | Found a staircase to the Snake Pit.
 14069 | Lair:2   | Identified a potion of experience
 14070 | Lair:2   | Noticed Tenar's ghost (journeyman DsCA)
 14123 | Lair:2   | Noticed Fannar
 14140 | Lair:2   | Killed Fannar
 14271 | Lair:2   | You pick up a book of the Tundra and begin reading...
 14271 | Lair:2   | You add the spells Hailstorm, Summon Ice Beast and Sculpt
                  | Simulacrum to your library.
 14321 | Lair:2   | Noticed a five-headed hydra
 14340 | Lair:2   | HP: 17/80 [komodo dragon (14)]
 14568 | Lair:2   | Noticed a skyshark
 14684 | Lair:2   | Killed a skyshark
 14685 | Lair:2   | Reached skill level 14 in Maces & Flails
 14685 | Lair:2   | Reached XP level 13. HP: 72/84 MP: 16/22
 15014 | Lair:2   | Found a runed translucent door.
 15050 | Lair:2   | Killed Tenar's ghost
 15057 | Lair:2   | Reached skill level 12 in Fighting
 15057 | Lair:2   | Gained mutation: Your large and strong wings let you fly.
                  | [Gargoyle growth]
 15057 | Lair:2   | Reached XP level 14. HP: 95/95 MP: 23/23
 15473 | D:9      | Reached skill level 13 in Fighting
 15838 | Lair:3   | Reached skill level 14 in Fighting
 16199 | Lair:3   | Found a staircase to the Shoals.
 16370 | Lair:3   | You pick up a book of Touch and begin reading...
 16370 | Lair:3   | You add the spells Kiss of Death, Confusing Touch and
                  | Dispel Undead to your library.
 16546 | Lair:4   | Found a frozen archway.
 16547 | Lair:4   | Noticed Sonja
 16554 | Lair:4   | Killed Sonja
 16555 | Lair:4   | Reached skill level 4 in Dodging
 16559 | Lair:4   | Reached skill level 6 in Armour
 16644 | Lair:4   | Reached skill level 5 in Dodging
 16682 | IceCv    | Entered an ice cave
 16702 | IceCv    | Learned a level 4 spell: Sticky Flame
 17053 | IceCv    | Reached skill level 1 in Shields
 17128 | IceCv    | Reached skill level 2 in Shields
 17149 | IceCv    | Noticed a quicksilver ooze
 17168 | IceCv    | Killed a quicksilver ooze
 17169 | IceCv    | Reached skill level 3 in Shields
 17210 | IceCv    | Reached skill level 4 in Shields
 17211 | IceCv    | HP: 24/99 [large slime creature (30)]
 17518 | IceCv    | Noticed a quicksilver ooze
 17530 | IceCv    | Killed a quicksilver ooze
 17826 | IceCv    | Reached skill level 5 in Shields
 17890 | IceCv    | Noticed an azure jelly
 17897 | IceCv    | Noticed an azure jelly
 17902 | IceCv    | Killed an azure jelly
 17903 | IceCv    | Reached skill level 6 in Shields
 17912 | IceCv    | Killed an azure jelly
 18037 | IceCv    | Found a viscous altar of Jiyva.
 18044 | IceCv    | Identified the ring "Iteawk" {Ice rPois Str+2 Slay+3}
 18345 | Lair:4   | Reached skill level 7 in Shields
 18348 | Lair:4   | Reached XP level 15. HP: 100/104 MP: 20/24
 18490 | Lair:4   | Identified the +7 spear "Vainoa" {elec, rElec rF- Int-4
                  | Dex+8}
 18758 | Lair:5   | Entered Level 5 of the Lair of Beasts
 18936 | Lair:5   | Reached skill level 8 in Shields
 19097 | Lair:4   | Reached skill level 9 in Shields
 19215 | Lair:5   | Reached skill level 10 in Shields
 19254 | Lair:5   | Found a staircase to the Slime Pits.
 19403 | Lair:5   | Reached *** piety under Ashenzari
 19673 | Lair:5   | Reached skill level 11 in Shields
 19761 | Lair:5   | magus.rc [v1.9.6]
 20048 | Lair:5   | Reached skill level 12 in Shields
 20237 | Lair:5   | Found a blossoming altar of Fedhas.
 20373 | Lair:5   | Reached **** piety under Ashenzari
 20514 | Orc:1    | Entered Level 1 of the Orcish Mines
 20721 | Orc:2    | Entered Level 2 of the Orcish Mines
 20750 | Orc:2    | Found a flickering gateway to a bazaar.
 20756 | Bazaar   | Entered a bazaar
 20770 | Bazaar   | Found Ewkuo's Magic Scroll Shop.
 20781 | Bazaar   | Found Enuh Ytauc's Distillery.
 20801 | Bazaar   | Found Nitoruso's Distillery.
 20822 | Bazaar   | Found Sats's Magic Scroll Shop.
 20826 | Bazaar   | Bought 3 scrolls of enchant weapon for 180 gold pieces
 20826 | Bazaar   | Bought a scroll of enchant weapon for 60 gold pieces
 20826 | Bazaar   | Bought a scroll of acquirement for 416 gold pieces
 20830 | Bazaar   | Acquired the scarf "Rozybin" {shadows, rC+ Will++ Stlth+}
 20867 | Bazaar   | Bought a potion of heal wounds for 45 gold pieces
 20882 | Bazaar   | Bought a scroll of teleportation for 51 gold pieces
 20882 | Bazaar   | Bought a scroll of teleportation for 51 gold pieces
 20949 | Orc:2    | Found Amos's Distillery.
 21538 | Orc:2    | Reached skill level 13 in Shields
 21542 | Orc:2    | Noticed an orc warlord
 22035 | Orc:2    | Found Duarph's Jewellery Emporium.
 22257 | Orc:2    | Killed an orc warlord
 22332 | Orc:2    | Found Ylav's Antique Armour Shoppe.
 22358 | Orc:2    | Found Kogeateb's Antique Weapon Emporium.
 22527 | Orc:2    | Found a staircase to the Elven Halls.
 22830 | D:7      | Bought a dazzling scale mail for 243 gold pieces
 22830 | D:7      | Identified the +0 scale mail of Jexoec {Will+} (You bought
                  | it in a shop on level 7 of the Dungeon)
 22892 | Orc:2    | Bought a potion of heal wounds for 60 gold pieces
 22892 | Orc:2    | Bought a potion of heal wounds for 60 gold pieces
 22892 | Orc:2    | Bought a potion of mutation for 96 gold pieces
 22892 | Orc:2    | Bought a potion of mutation for 96 gold pieces
 23037 | D:11     | You pick up a book of Beasts and begin reading...
 23037 | D:11     | You add the spells Summon Mana Viper and Monstrous
                  | Menagerie to your library.
 23192 | D:11     | Noticed Psyche
 23199 | D:11     | Killed Psyche
 23298 | D:11     | Reached skill level 7 in Armour
 23615 | D:7      | Bought a +5 ring of evasion for 468 gold pieces
 23762 | D:11     | Noticed Lodul
 23775 | D:11     | Killed Lodul
 24549 | D:12     | Reached skill level 8 in Armour
 24673 | D:12     | Reached XP level 16. HP: 111/111 MP: 26/26
 24738 | D:12     | You pick up a book of Debilitation and begin reading...
 24738 | D:12     | You add the spells Slow, Sigil of Binding and Vampiric
                  | Draining to your library.
 25224 | D:13     | Found a runed translucent gate.
 25224 | D:13     | Found a runed translucent gate.
 25226 | D:13     | Found a runed translucent gate.
 25266 | D:13     | Reached skill level 9 in Armour
 25516 | D:13     | Noticed Urug
 25525 | D:13     | Killed Urug
 25695 | D:13     | Noticed a tengu reaver
 25720 | D:13     | HP: 15/111 [tengu reaver/bolt of fire (20)]
 25724 | D:13     | Killed a tengu reaver
 25725 | D:13     | Reached skill level 10 in Armour
 26423 | D:13     | Found a gate to the Vaults.
 26437 | D:13     | Reached skill level 11 in Armour
 26734 | D:13     | Noticed Zargh's ghost (journeyman DsGl)
 27131 | D:14     | Reached skill level 6 in Dodging
 27158 | D:14     | Found Wukh's Weapon Shop.
 27165 | D:14     | You pick up a book of Touch and begin reading...
 27205 | D:14     | You pick up a book of Air and begin reading...
 27205 | D:14     | You add the spells Shock, Swiftness and Airstrike to your
                  | library.
 27763 | D:15     | Entered Level 15 of the Dungeon
 27763 | D:15     | Found a basalt altar of Yredelemnul.
 27792 | D:15     | You pick up a book of Debilitation and begin reading...
 27885 | D:15     | Reached skill level 15 in Fighting
 28001 | D:15     | Reached skill level 6 in Spellcasting
 28151 | D:15     | Found a staircase to the Depths.
 28244 | D:15     | Reached ***** piety under Ashenzari
 28591 | Lair:1   | Learned a level 6 spell: Sculpt Simulacrum
 28621 | Lair:1   | magus.rc [v1.9.6]
 28690 | D:8      | Bought a book of Vapours for 364 gold pieces
 28690 | D:8      | You pick up a book of Vapours and begin reading...
 28808 | Snake:1  | Entered Level 1 of the Snake Pit
 28808 | Snake:1  | Identified the +0 spear of Kemoq {freeze, Str+3 Int+6
                  | Dex-3}
 28826 | Lair:2   | Reached skill level 1 in Ice Magic
 28875 | Snake:1  | Reached skill level 2 in Ice Magic
 29046 | Snake:1  | Learned a level 5 spell: Freezing Cloud
 29135 | Snake:1  | Reached skill level 3 in Ice Magic
 29152 | Snake:1  | Reached XP level 17. HP: 120/120 MP: 31/31
 29307 | Snake:1  | Reached skill level 4 in Ice Magic
 29402 | Snake:1  | Noticed Asterion
 29418 | Snake:1  | Killed Asterion
 29782 | Snake:1  | Reached skill level 5 in Ice Magic
 30102 | Snake:1  | Reached skill level 6 in Ice Magic
 30315 | Snake:2  | Identified the serpent talisman of Boyz {rF+ Int+5}
 30315 | Snake:2  | Noticed Aizul
 30329 | Snake:2  | Killed Aizul
 30450 | Snake:2  | Reached skill level 7 in Ice Magic
 30459 | Snake:2  | Identified the +6 war axe "Dragon's Curse" {flame, ^Contam
                  | rF+ rCorr Int+4}
 30738 | Snake:2  | Identified the granite talisman of Aghi {Str+2}
 30738 | Snake:2  | Noticed Roxanne
 30741 | Snake:2  | Found Tonuma's Self-Improvement Boutique.
 31158 | Snake:2  | You pick up a book of Winter and begin reading...
 31158 | Snake:2  | You add the spells Ozocubu's Armour and Metabolic
                  | Englaciation to your library.
 31186 | Snake:2  | Reached skill level 7 in Alchemy
 31280 | Snake:2  | Reached skill level 8 in Ice Magic
 31333 | Snake:2  | Noticed Louise
 31345 | Snake:2  | Killed Louise
 31370 | Snake:2  | You pick up a book of Storms and begin reading...
 31370 | Snake:2  | You add the spells Static Discharge and Summon Lightning
                  | Spire to your library.
 31559 | Snake:2  | You pick up a book of Transmutation and begin reading...
 31559 | Snake:2  | You add the spells Petrify and Irradiate to your library.
 31759 | Snake:3  | Found a flickering gateway to a bazaar.
 31788 | Bazaar   | Entered a bazaar
 31860 | Bazaar   | Found Ziut's Armour Shop.
 31888 | Bazaar   | Found Cyixih's Antique Armour Emporium.
 31907 | Bazaar   | Found Ralada Fuemn's Armour Boutique.
 31931 | Bazaar   | Found Jyri's Book Boutique.
 31948 | Bazaar   | Found Qioxul's Magic Scroll Shoppe.
 32039 | Bazaar   | Bought the +3 pair of mountain boots {steadfast, rC+} for
                  | 569 gold pieces
 32039 | Bazaar   | Found the +3 pair of mountain boots {steadfast, rC+}
 32463 | Snake:3  | Noticed Nikola
 32475 | Snake:3  | Killed Nikola
 32476 | Snake:3  | Reached skill level 9 in Ice Magic
 33078 | Snake:4  | Entered Level 4 of the Snake Pit
 33630 | Snake:4  | Reached skill level 10 in Ice Magic
 33684 | Snake:4  | Reached skill level 16 in Fighting
 33704 | Snake:4  | Reached XP level 18. HP: 122/128 MP: 4/32
 33934 | Snake:4  | You pick up a book of the Senses and begin reading...
 33934 | Snake:4  | You add the spells Dazzling Flash, Curse of Agony and
                  | Silence to your library.
 34036 | Snake:4  | Reached skill level 11 in Ice Magic
 34194 | Snake:4  | Reached skill level 17 in Fighting
 34434 | Snake:4  | Got a serpentine rune of Zot
 35054 | Shoals:1 | Entered Level 1 of the Shoals
 35216 | Orc:2    | Bought a shiny ring mail for 133 gold pieces
 35707 | Shoals:1 | Reached skill level 12 in Ice Magic
 36276 | Shoals:2 | Found Lawodyrgh's Distillery.
 36295 | Shoals:2 | Bought a potion of heal wounds for 70 gold pieces
 37367 | Shoals:3 | Found Qughio's Book Emporium.
 37926 | Shoals:4 | Entered Level 4 of the Shoals
 37987 | Shoals:4 | Reached skill level 18 in Fighting
 38031 | Shoals:4 | Identified the +9 spear "Lugun" {antimagic, ^Drain rPois
                  | rCorr SInv}
 38044 | Shoals:4 | Reached skill level 13 in Ice Magic
 38064 | Shoals:4 | Reached XP level 19. HP: 130/137 MP: 8/33
 38248 | Shoals:4 | Got a barnacled rune of Zot
 38265 | Shoals:4 | Identified Kezias's Spellbook of Non-Euclidean Execration
 38579 | Shoals:4 | Identified Sif Muna's Lectures on Misfortune and Assaults
 38586 | Shoals:4 | You add the spells Stone Arrow, Inner Flame, Tukima's Dance
                  | and Arcjolt to your library.
 39018 | Shoals:4 | Noticed Polyphemus
 39036 | Shoals:4 | Killed Polyphemus
 39420 | Elf:1    | Entered Level 1 of the Elven Halls
 40007 | Elf:1    | Reached skill level 14 in Ice Magic
 40418 | Elf:1    | Reached skill level 19 in Fighting
 40482 | Elf:1    | You pick up a book of Death and begin reading...
 40482 | Elf:1    | You add the spells Animate Dead, Haunt and Infestation to
                  | your library.
 41694 | Elf:2    | Acquired the amulet "Fuwycroi" {Spirit rN+ Regen+ Int+2}
 41815 | Elf:2    | Found a runed translucent gate.
 41827 | Elf:2    | Reached skill level 15 in Ice Magic
 41827 | Elf:2    | Found a runed translucent gate.
 41827 | Elf:2    | Found a runed translucent gate.
 42008 | Elf:2    | Reached skill level 20 in Fighting
 42047 | Elf:2    | Reached XP level 20. HP: 104/147 MP: 6/34
 42452 | Elf:3    | Entered Level 3 of the Elven Halls
 42836 | Elf:3    | Found a huge runed translucent gate.
 42837 | Elf:3    | Found a huge runed translucent gate.
 42837 | Elf:3    | Found a huge runed translucent gate.
 42838 | Elf:3    | Found a huge runed translucent gate.
 42838 | Elf:3    | Found a huge runed translucent gate.
 42838 | Elf:3    | Found a huge runed translucent gate.
 42839 | Elf:3    | Found a huge runed translucent gate.
 42839 | Elf:3    | Found a huge runed translucent gate.
 42840 | Elf:3    | Identified the +2 double sword "Omezumpea" {drain, rElec}
 42842 | Elf:3    | Identified the +4 double sword "Qaurur" {holy, Will++ Str+3
                  | Stlth-}
 43131 | Elf:3    | Identified the +7 great sword "Omoudiyk" {drain, rF++
                  | Dex-5}
 43156 | Elf:3    | Reached skill level 21 in Fighting
 43466 | Elf:3    | Identified the +3 whip of Par Ibe {speed, Str+4 Int+3
                  | Dex-4}
 43620 | Elf:3    | Identified the staff of Unpleasantness {*Corrode rC+ Int+3
                  | Dex+2 Hexes Ice}
 43866 | Elf:3    | Reached skill level 22 in Fighting
 44053 | Elf:3    | Found the +7 hand cannon "Mule" {flame, backblast, rF+}
 44064 | Elf:3    | You pick up a book of Callings and begin reading...
 44064 | Elf:3    | You add the spells Summon Small Mammal, Call Canine
                  | Familiar and Summon Blazeheart Golem to your library.
 44105 | Elf:3    | Identified the +1 cloak "Imez" {rN+ Regen+ Int+3 Dex-2}
 44106 | Elf:3    | You pick up a book of Chaos and begin reading...
 44106 | Elf:3    | You add the spells Conjure Ball Lightning, Disjunction and
                  | Discord to your library.
 44117 | Elf:3    | You pick up a book of the Moon and begin reading...
 44117 | Elf:3    | You add the spells Passage of Golubria and Lehudib's
                  | Crystal Spear to your library.
 44172 | Elf:3    | Identified the staff of Purpose {rF+ Int+4 Fire}
 44199 | Elf:3    | magus.rc [v1.9.6]
 44507 | Vaults:1 | Entered Level 1 of the Vaults
 44533 | Vaults:1 | Reached skill level 5 in Conjurations
 44543 | Vaults:1 | Reached skill level 6 in Conjurations
 44557 | Vaults:1 | Noticed Saint Roka
 44559 | Vaults:1 | Reached skill level 7 in Conjurations
 44577 | Vaults:1 | Killed Saint Roka
 44578 | Vaults:1 | Reached skill level 8 in Conjurations
 44808 | Vaults:1 | Reached skill level 9 in Conjurations
 44926 | Vaults:1 | Found Zyvuseo's Weapon Boutique.
 44941 | Vaults:1 | Learned a level 4 spell: Animate Dead
 45301 | Vaults:1 | Reached skill level 1 in Necromancy
 45306 | Vaults:1 | Reached skill level 2 in Necromancy
 45444 | Vaults:1 | Found Bohisuul's Distillery.
 45559 | Vaults:1 | You pick up a book of Lightning and begin reading...
 45559 | Vaults:1 | You add the spells Vhi's Electric Charge and Plasma Beam to
                  | your library.
 45579 | Vaults:1 | Reached skill level 3 in Necromancy
 45885 | Vaults:2 | Reached skill level 4 in Necromancy
 45885 | Vaults:2 | Reached XP level 21. HP: 151/160 MP: 30/36
 46132 | Vaults:2 | Reached skill level 5 in Necromancy
 46282 | Vaults:2 | Learned a level 4 spell: Dispel Undead
 46430 | Vaults:2 | Reached skill level 6 in Necromancy
 46859 | Vaults:2 | Reached ****** piety under Ashenzari
 46884 | Vaults:2 | Reached skill level 7 in Necromancy
 47036 | Vaults:2 | Found a staircase to the Crypt.
 47267 | Vaults:2 | magus.rc [v1.9.6]
 47599 | Vaults:3 | Reached skill level 7 in Evocations
 47735 | Vaults:3 | Identified the amulet "Gecwioci" {Reflect Int+2 Dex+2 SH+5}
 47782 | Vaults:3 | Reached skill level 8 in Evocations
 47834 | Vaults:3 | Noticed Jory
 47846 | Vaults:3 | Killed Jory
 47850 | Vaults:3 | Reached skill level 9 in Evocations
 48095 | Vaults:3 | You pick up a book of Spatial Translocations and begin
                  | reading...
 48586 | Vaults:4 | Learned a level 4 spell: Vhi's Electric Charge
 48750 | Vaults:4 | Reached skill level 1 in Translocations
 48830 | Vaults:4 | Reached skill level 2 in Translocations
 49054 | Vaults:4 | Reached skill level 3 in Translocations
 49061 | Vaults:4 | Reached XP level 22. HP: 162/168 MP: 34/37
 49278 | Vaults:4 | Found a runed translucent gate.
 49278 | Vaults:4 | Found a runed translucent gate.
 49279 | Vaults:4 | Found a runed translucent gate.
 49280 | Vaults:4 | Noticed Nitziur's ghost (adept DrCj)
 49280 | Vaults:4 | Noticed Inony's ghost (master FoHu)
 49362 | Vaults:4 | Reached skill level 4 in Translocations
 49448 | Vaults:4 | Reached skill level 3 in Air Magic
 49505 | Vaults:4 | Found Asku Yde's Book Boutique.
 49529 | Vaults:4 | Found Ydeunt's Armour Shop.
 49536 | Vaults:4 | Bought the +2 pair of gloves of Tortelloni {+Blink rF+ rN+}
                  | for 833 gold pieces
 49578 | Vaults:4 | Found Uruam's Antique Armour Shop.
 49681 | Vaults:4 | Reached skill level 5 in Translocations
 49875 | Vaults:4 | Found Igem's Antique Armour Boutique.
 49883 | Vaults:4 | Bought a jewelled ring mail for 198 gold pieces
 49883 | Vaults:4 | Identified the +2 ring mail of the Inviting Gods {Dex+3}
                  | (You bought it in a shop on level 4 of the Vaults)
 49883 | Vaults:4 | Bought an encrusted leather armour for 154 gold pieces
 49883 | Vaults:4 | Identified the +0 leather armour of Qoskotuqe {rElec SInv}
                  | (You bought it in a shop on level 4 of the Vaults)
 49917 | Vaults:4 | an ironbound thunderhulk comes into view. It is wielding a
                  | +0 dire flail and wearing the necklace of Bloodlust {Fury
                  | *Rage Will++ Int-3 Slay+6}.
 49941 | Vaults:4 | Reached skill level 4 in Air Magic
 50093 | Vaults:4 | Found Wodgh's Magic Scroll Shop.
 50097 | Vaults:4 | Bought a scroll of blinking for 135 gold pieces
 50368 | Depths:1 | Entered Level 1 of the Depths
 50396 | Depths:1 | Reached skill level 6 in Translocations
 50410 | Depths:1 | Reached skill level 5 in Air Magic
 50780 | Depths:1 | You pick up a book of Beasts and begin reading...
 50824 | Depths:1 | You pick up a book of Debilitation and begin reading...
 50840 | Depths:1 | Found a one-way gate leading to the halls of Pandemonium.
 50860 | Depths:1 | Reached skill level 7 in Spellcasting
 51185 | Depths:1 | Found a gateway to Hell.
 51202 | Depths:1 | You pick up a book of Weapons and begin reading...
 51328 | Depths:1 | You pick up a book of Touch and begin reading...
 51334 | Depths:1 | You pick up a book of the Tundra and begin reading...
 51640 | Depths:2 | Reached skill level 8 in Spellcasting
 51643 | Depths:2 | You pick up a book of Storms and begin reading...
 52152 | Depths:2 | Reached skill level 9 in Spellcasting
 52353 | Depths:2 | Found a one-way gateway to a ziggurat.
 52464 | Depths:2 | Found Big Baal Hell's Store.
 52842 | Depths:3 | Reached skill level 10 in Spellcasting
 52958 | Depths:3 | Reached XP level 23. HP: 172/175 MP: 8/42
 52962 | Depths:3 | Reached skill level 7 in Dodging
 53271 | Depths:2 | Reached skill level 8 in Dodging
 53568 | Depths:3 | Found a one-way gate to the infinite horrors of the Abyss.
 53950 | Depths:3 | Reached skill level 9 in Dodging
 54091 | Depths:3 | Noticed a golden dragon
 54102 | Depths:3 | Killed a golden dragon
 54102 | Depths:3 | Identified +0 gold dragon scales
 54142 | Depths:3 | +0 gold dragon scales {rare}; a golden dragon corpse
 54255 | Depths:3 | You pick up a book of Storms and begin reading...
 54451 | Depths:4 | Entered Level 4 of the Depths
 54469 | Depths:4 | Reached skill level 10 in Dodging
 54469 | Depths:4 | Noticed a juggernaut
 54706 | Depths:4 | Found a gate to the Realm of Zot.
 54867 | Depths:4 | Killed a juggernaut
 55055 | Depths:4 | Reached skill level 12 in Armour
 55296 | Depths:4 | Reached skill level 14 in Shields
 55320 | Depths:4 | You pick up a book of Party Tricks and begin reading...
 55320 | Depths:4 | You add the spells Apportation, Jinxbite and Alistair's
                  | Intoxication to your library.
 55365 | Depths:4 | +0 storm dragon scales {rare}; a storm dragon corpse
 55398 | Depths:4 | +0 storm dragon scales {rare}; a storm dragon corpse
 55416 | Depths:4 | +0 storm dragon scales {rare}; a storm dragon corpse
 55675 | Depths:4 | Acquired 1159 gold pieces
 56166 | Vaults:4 | Upgraded the game from 0.31-a0-1539-g569d6c7dce to
                  | 0.31-a0-1547-g618ab1f346
 56166 | Vaults:4 | magus.rc [v1.9.6]
 56450 | Slime:1  | Entered Level 1 of the Pits of Slime
 56602 | Slime:1  | Reached skill level 13 in Armour
 56891 | Slime:2  | Reached skill level 15 in Shields
 56908 | Slime:2  | HP: 42/173 [acid blob/splash of acid (7)]
 56909 | Slime:2  | Reached XP level 24. HP: 23/180 MP: 1/41
 57086 | Slime:3  | Gained mutation: Your magical capacity is low. (-10% MP) [a
                  | shining eye]
 57194 | Slime:3  | Gained mutation: Your magical capacity is very low. (-20%
                  | MP) [a shining eye]
 57367 | Slime:5  | Entered Level 5 of the Pits of Slime
 57440 | Slime:5  | Gained mutation: You have sharp toenails. [a shining eye]
 57446 | Slime:5  | Identified the staff of the Thoughtful Portals {rPois rF+
                  | rCorr Int-2 Hexes Fire}
 57459 | Slime:5  | Reached skill level 14 in Armour
 57469 | Slime:5  | Gained mutation: You are weak. (Str -2) [a shining eye]
 57590 | Slime:5  | Identified the +6 arbalest of the Beginning {penet, Str+3
                  | Int+2 Dex-3 SInv}
 57591 | Slime:5  | Identified the +6 sling "Joogaups" {freeze, rC+}
 57592 | Slime:5  | Identified the amulet of Birdsong {rF- Will+ Regen+ Int+6
                  | Stlth+}
 57597 | Slime:5  | Noticed the Royal Jelly
 57597 | Slime:5  | Identified the +7 battleaxe of Yesterday {freeze, Str+2}
 57632 | Slime:5  | Killed the Royal Jelly
 57719 | Slime:5  | Reached skill level 15 in Armour
 57726 | Slime:5  | Identified the +2 arbalest of Rotation {elec, rPois Dex+3}
 57735 | Slime:5  | You pick up a book of Necromancy and begin reading...
 57735 | Slime:5  | You add the spells Necrotise and Martyr's Knell to your
                  | library.
 57869 | Slime:5  | Got a slimy rune of Zot
 57885 | Slime:5  | Identified +0 pearl dragon scales
 57895 | Slime:5  | E - +0 pearl dragon scales {rare=g}
 57897 | Slime:5  | You pick up a book of Blood and begin reading...
 57897 | Slime:5  | You add the spells Call Imp and Summon Hydra to your
                  | library.
 57912 | Slime:5  | You pick up a book of the Wilderness and begin reading...
 57912 | Slime:5  | You add the spells Summon Forest and Summon Cactus Giant to
                  | your library.
 57930 | Slime:5  | You pick up a book of Cantrips and begin reading...
 57936 | Slime:5  | You pick up a book of Decay and begin reading...
 57945 | Slime:5  | You pick up a book of Minor Magic and begin reading...
 57949 | Slime:5  | You pick up a book of Touch and begin reading...
 57952 | Slime:5  | You pick up a book of Scorching and begin reading...
 57952 | Slime:5  | You add the spells Scorch and Flame Wave to your library.
 57958 | Slime:5  | Identified the +4 halberd of the Seven Friars {freeze, rF+}
 57965 | Slime:5  | You pick up a book of Debilitation and begin reading...
 57992 | Slime:5  | You drop +0 pearl dragon scales {rare=g}.
 58385 | Zot:1    | Entered Level 1 of the Realm of Zot
 58397 | Depths:4 | Lost mutation: Your magical capacity is very low. (-20% MP)
                  | [potion of mutation]
 58397 | Depths:4 | Lost mutation: Your magical capacity is low. (-10% MP)
                  | [potion of mutation]
 58397 | Depths:4 | Lost mutation: You are weak. (Str -2) [potion of mutation]
 58397 | Depths:4 | Gained mutation: Your spells are a little harder to cast,
                  | but a little more powerful. [potion of mutation]
 58397 | Depths:4 | Gained mutation: You are somewhat resistant to further
                  | mutation. [potion of mutation]
 58399 | Depths:4 | magus.rc [v1.9.6]
 58685 | Zot:3    | Identified the +0 robe of Honour {rCorr Str+9}
 58795 | Zot:4    | Noticed a curse toe
 58801 | Zot:4    | Killed a curse toe
 58802 | Zot:4    | Reached skill level 10 in Evocations
 58841 | Zot:4    | Noticed a Killer Klown
 58880 | Zot:4    | Killed a Killer Klown
 58909 | Zot:4    | Reached skill level 11 in Evocations
 59305 | Zot:5    | Entered Level 5 of the Realm of Zot
 59363 | Zot:5    | Reached skill level 12 in Evocations
 59410 | Zot:5    | Found a huge runed gate.
 59410 | Zot:5    | Found a huge runed gate.
 59410 | Zot:5    | Found a huge runed gate.
 59411 | Zot:5    | Found a huge runed gate.
 59412 | Zot:5    | Found a huge runed gate.
 59413 | Zot:5    | Found a huge runed gate.
 59413 | Zot:5    | Found a huge runed gate.
 59414 | Zot:5    | Found a huge runed gate.
 59415 | Zot:5    | Found a huge runed gate.
 59416 | Zot:5    | Found a huge runed gate.
 59417 | Zot:5    | Found a huge runed gate.
 59418 | Zot:5    | Found a huge runed gate.
 59420 | Zot:5    | Found a huge runed gate.
 59427 | Zot:5    | Found a huge runed gate.
 59427 | Zot:5    | Found a huge runed gate.
 59427 | Zot:5    | Found a huge runed gate.
 59427 | Zot:5    | Found a huge runed gate.
 60021 | Zot:5    | Identified +0 gold dragon scales
 60041 | Zot:5    | Reached skill level 13 in Evocations
 60041 | Zot:5    | Reached XP level 25. HP: 175/187 MP: 37/42
 60056 | Zot:5    | Noticed an electric golem
 60056 | Zot:5    | Noticed an orb of fire
 60061 | Zot:5    | Killed an electric golem
 60072 | Zot:5    | Noticed a Killer Klown
 60074 | Zot:5    | Killed an orb of fire
 60075 | Zot:5    | Noticed a Killer Klown
 60075 | Zot:5    | Gained mutation: Your body sometimes deteriorates upon
                  | taking damage. [mutagenic glow]
 60099 | Zot:5    | Killed a Killer Klown
 60107 | Zot:5    | Lost mutation: You have sharp toenails. [mutagenic glow]
 60114 | Zot:5    | Killed a Killer Klown
 60148 | Zot:5    | Reached skill level 14 in Evocations
 60152 | Zot:5    | Noticed an orb of fire
 60163 | Zot:5    | Killed an orb of fire
 60214 | Zot:5    | Got the Orb of Zot
 60292 | Zot:5    | Noticed a seraph
 60355 | Zot:2    | Noticed Hateo the pandemonium lord
 60593 | D:11     | Noticed Potysug the pandemonium lord
 60645 | D:8      | Reached skill level 15 in Evocations
 60746 | D:$      | Escaped with the Orb!

Vanquished Creatures
  the Royal Jelly (Slime:5)
  An orb of fire (Zot:5)
  A juggernaut (Depths:4)
  3 Killer Klowns
  Saint Roka (Vaults:1)
  A curse toe (Zot:4)
  Jory (Vaults:3)
  7 golden dragons
  A bone dragon (Depths:4)
  An electric golem (Zot:5)
  A Hell Sentinel (D:8)
  8 tentacled monstrosities
  Asterion (Snake:1)
  2 quicksilver dragons
  A deep elf master archer (Elf:3)
  14 Orb Guardians (Zot:5)
  3 titans
  A walking frostbound tome (Depths:2)
  3 liches
  20 acid blobs
  2 deep elf blademasters
  3 sphinxes
  3 death cobs
  Polyphemus (Shoals:4)
  3 shadow dragons
  A tengu reaver (D:13)
  3 storm dragons
  Aizul (Snake:2)
  A draconian monk (Zot:2)
  13 rockslimes
  2 nagarajas (Snake:4)
  7 azure jellies
  6 fire giants
  9 frost giants
  2 draconian knights (Zot:4)
  3 draconian shifters (Zot:4)
  2 draconian scorchers
  2 deep elf sorcerers (Elf:3)
  2 iron dragons
  A balrug (Depths:1)
  3 deep elf elementalists (Elf:3)
  2 ghost moths (Zot:5)
  Louise (Snake:2)
  2 draconian annihilators
  2 orc warlords
  2 formless jellyfish
  11 vault wardens
  15 ironbound preservers
  A reaper (Depths:1)
  5 stone giants
  4 very ugly things
  5 green draconians
  10 quicksilver oozes
  6 deep elf demonologists
  A vampire knight (Depths:1)
  7 ironbound thunderhulks
  2 black draconians
  3 red draconians
  7 deep elf annihilators
  5 deep elf death magi
  A war gargoyle (Vaults:4)
  A white draconian (Zot:3)
  A spark wasp (Depths:3)
  4 dire elephants (Vaults:3)
  3 yellow draconians
  A merfolk javelineer (Shoals:4)
  6 ettins
  6 merfolk impalers
  A green death (Depths:1)
  4 great orbs of eyes
  A crystal guardian (Vaults:4)
  10 fire dragons
  The ghost of Tenar the Thaumaturge, a journeyman DsCA of Ignis (Lair:2)
  6 yaktaur captains
  3 entropy weavers
  12 vault guards
  Fannar (Lair:2)
  6 hydras
  9 ice dragons
  2 peacekeepers
  2 rakshasas
  Harold (D:10)
  8 deep elf high priests
  6 anacondas
  2 merfolk avatars
  4 salamander tyrants
  An ogre mage (D:13)
  6 boulder beetles
  29 dancing weapons
  4 deep troll shamans
  8 satyrs
  A death knight (Vaults:2)
  6 two-headed ogres
  6 death yaks
  2 catoblepae
  11 centaur warriors
  8 deep troll earth magi
  A merfolk aquamancer (Shoals:4)
  5 ironbound frosthearts
  7 tengu warriors
  8 naga warriors
  2 occultists
  7 spriggan berserkers
  2 shock serpents
  5 orc high priests
  3 sun demons (Zot:5)
  9 naga sharpshooters
  Sonja (Lair:4)
  13 hell knights
  A vampire mage (Vaults:2)
  Urug (D:13)
  3 skeletal warriors (D:15)
  14 deep elf knights
  A soul eater (Depths:1)
  3 skysharks
  35 deep trolls
  6 sea snakes
  5 salamander mystics
  Lodul (D:11)
  8 iron trolls
  8 naga ritualists
  8 glowing orange brains
  A sea snake (shapeshifter) (Depths:3)
  3 large abominations (Depths:3)
  4 deep elf archers
  A phantasmal warrior (Vaults:3)
  15 ironbound convokers
  4 necromancers
  2 arcanists (Vaults:3)
  9 lindwurms
  A fire giant zombie (Vaults:2)
  13 mana vipers
  23 deep elf zephyrmancers
  4 orc sorcerers
  8 harpies
  25 deep elf pyromancers
  14 manticores
  19 fauns
  7 orc knights
  16 ugly things
  26 salamanders
  A frost giant zombie (Vaults:2)
  5 shining eyes
  8 cyclopes
  A cyclops (shapeshifter) (Depths:2)
  4 guardian serpents
  A meliai (D:14)
  4 merfolk sirens
  An eye of devastation (Slime:3)
  7 moths of wrath
  9 elephants (Lair:2)
  6 torpor snails
  14 vault sentinels
  4 water nymphs
  6 cane toads
  4 kobold blastminers (Orc:2)
  3 ice statues (IceCv)
  A fire giant skeleton (Vaults:2)
  16 naga magi
  34 black mambas
  3 smoke demons
  A mana viper (shapeshifter) (Depths:4)
  An unseen horror (Depths:3)
  2 rime drakes (Lair:1)
  Maggie (D:7)
  11 komodo dragons
  24 yaktaurs
  An efreet (D:13)
  Psyche (D:11)
  4 tengu conjurers
  8 trolls
  3 tyrant leeches (Lair:5)
  3 polar bears
  A polar bear (shapeshifter) (D:13)
  5 wind drakes
  15 hornets
  A tengu simulacrum (Vaults:2)
  6 snapping turtles
  A hornet (shapeshifter) (D:13)
  18 merfolk
  A hellwing (Zot:2)
  13 blink frogs
  16 dream sheep
  A dream sheep (shapeshifter) (Depths:2)
  97 slime creatures
  A shadow (D:9)
  2 glass eyes
  4 spriggans
  2 jumping spiders (Vaults:1)
  A ynoxinul (Depths:4)
  A spriggan (shapeshifter) (D:13)
  2 air elementals
  2 wraiths (D:9)
  2 water elementals
  66 yaks
  6 wyverns
  4 basilisks
  A basilisk (shapeshifter) (D:13)
  A yak (shapeshifter) (Elf:2)
  5 fire elementals
  13 golden eyes
  4 redbacks
  7 vampire mosquitoes (D:13)
  4 wargs
  3 chaos spawn (Depths:3)
  40 nagas
  19 water moccasins
  2 great orb of eyes simulacra (IceCv)
  2 acid dragons
  A black bear (shapeshifter) (D:13)
  An ice beast (D:7)
  31 orc warriors
  An ice beast (shapeshifter) (Elf:3)
  A laughing skull (Vaults:2)
  3 sky beasts
  A black bear (D:5)
  A boggart (D:13)
  9 wolves
  11 ogres
  14 centaurs
  4 slime creature simulacra (IceCv)
  A phantom (D:7)
  4 kobold brigands
  Blork the orc (D:6)
  13 bullfrogs
  An earth elemental (Elf:3)
  3 scorpions (D:6)
  3 glowing shapeshifter simulacra (IceCv)
  A human skeleton (Vaults:2)
  8 small abominations
  5 wights (D:10)
  16 killer bees
  8 howler monkeys
  A vampire bat (D:14)
  2 bombardier beetles
  A crimson imp (D:8)
  21 orc priests
  6 hounds
  3 jellies (Lair:5)
  Crazy Yiuf (D:6)
  Jessica (D:2)
  2 hell rats (D:7)
  4 iguanas
  35 orc wizards
  8 shapeshifter simulacra (IceCv)
  Robin (D:4)
  4 gnolls
  10 adders
  9 river rats
  A white imp (D:5)
  2 ufetubi (D:6)
  A ribbon worm (D:5)
  99 orcs
  7 endoplasms
  4 giant cockroaches
  9 hobgoblins
  13 jackals
  19 kobolds
  10 quokkas
  11 ball pythons
  14 bats
  3 frilled lizards
  11 goblins
  27 rats
  An aspiring flesh (Zot:5)
1813 creatures vanquished.

Vanquished Creatures (collateral kills)
  An orb of fire (Zot:5)
  Nikola (Snake:3)
  A walking crystal tome (Depths:4)
  7 Orb Guardians (Zot:5)
  4 deep elf blademasters (Elf:3)
  3 acid blobs
  2 storm dragons
  2 azure jellies
  A protean progenitor (Zot:5)
  A draconian monk (Zot:4)
  A fire giant (Depths:4)
  3 nagarajas (Snake:4)
  2 vault wardens (Vaults:4)
  A deep elf sorcerer (Elf:3)
  A draconian shifter (Zot:2)
  3 stone giants
  A rockslime zombie (Slime:5)
  An ironbound thunderhulk (Vaults:3)
  3 very ugly things (Depths:3)
  A red draconian (Zot:5)
  2 spark wasps (Depths:3)
  A yellow draconian (Zot:4)
  A purple draconian (Zot:2)
  2 fire dragons
  A rakshasa (Depths:4)
  A deep elf high priest (Elf:3)
  2 ice dragons (Depths:3)
  A salamander tyrant (Snake:4)
  An anaconda (Snake:4)
  A great orb of eyes (Slime:5)
  3 dancing weapons (Elf:2)
  A tengu warrior (Depths:3)
  2 naga warriors
  A deep troll shaman (Depths:1)
  2 naga sharpshooters (Snake:4)
  A hell knight (Depths:2)
  A deep elf knight (Elf:2)
  2 iron trolls
  A glowing orange brain (Depths:1)
  6 deep trolls
  2 orc knights (Vaults:2)
  An arcanist (Vaults:2)
  A naga ritualist (Snake:4)
  3 necromancers (Depths:3)
  4 ironbound convokers
  A mana viper (Snake:4)
  A deep elf zephyrmancer (Elf:2)
  2 salamanders (Snake:4)
  A moth of wrath (Zot:4)
  An ugly thing (Depths:3)
  A vault sentinel (Vaults:4)
  3 guardian serpents (Snake:4)
  2 black mambas (Snake:4)
  A smoke demon (Depths:1)
  3 naga magi
  A hellion (Zot:5)
  3 yaktaurs
  A dream sheep (Shoals:4)
  10 slime creatures
  A water elemental (Depths:3)
  A fire elemental (Depths:3)
  2 golden eyes (Slime:2)
  5 nagas
  3 aspiring fleshes (Zot:5)
127 creatures vanquished.

Vanquished Creatures (others)
  2 Killer Klown zombies (Zot:5)
  A rockslime zombie (Slime:5)
  A fire dragon (Depths:1)
  An acid blob zombie (Slime:5)
  6 Orb Guardian zombies (Zot:5)
  A naga warrior (Snake:4)
  A quicksilver ooze zombie (Slime:5)
  2 deep elf knights
  2 deep trolls (Depths:1)
  A golden dragon zombie (Zot:5)
  3 deep elf zephyrmancers
  2 meliai (D:14)
  A black mamba (Snake:3)
  A red draconian zombie (Zot:5)
  A great orb of eyes zombie (Slime:5)
  A yak (Lair:4)
  8 slime creature zombies
35 creatures vanquished.

Grand Total: 1975 creatures vanquished

Table legend:
 A = Non-vault XP
 B = Vault XP
 C = Vault XP percentage of total XP
 D = Non-vault monster count
 E = Vault monster count
 F = Vault count percentage of total count
                 A         B        C        D         E       F
            +---------+---------+-------+---------+---------+-------
      Total |  575844 |  413874 |  41.8 |    1251 |     665 |  34.7
            +---------+---------+-------+---------+---------+-------
        D:1 |      33 |       7 |  17.5 |      21 |       4 |  16.0
        D:2 |      89 |      55 |  38.2 |      25 |       4 |  13.8
        D:3 |     113 |       0 |   0.0 |      18 |       0 |   0.0
        D:4 |     324 |      29 |   8.2 |      23 |       8 |  25.8
        D:5 |    1671 |      12 |   0.7 |      24 |       8 |  25.0
        D:6 |     772 |     137 |  15.1 |      17 |       2 |  10.5
        D:7 |     770 |     623 |  44.7 |      19 |      34 |  64.2
        D:8 |    2087 |     158 |   7.0 |      34 |       7 |  17.1
        D:9 |    2915 |    3032 |  51.0 |      14 |      13 |  48.1
       D:10 |    2528 |    1436 |  36.2 |      31 |       3 |   8.8
       D:11 |    2291 |    1822 |  44.3 |      22 |       8 |  26.7
       D:12 |    3349 |     611 |  15.4 |      10 |       2 |  16.7
       D:13 |    6578 |    9942 |  60.2 |      20 |      18 |  47.4
       D:14 |   14075 |      63 |   0.4 |      30 |       6 |  16.7
       D:15 |   11141 |    2881 |  20.5 |      21 |       3 |  12.5
     Lair:1 |    5008 |     458 |   8.4 |      22 |       2 |   8.3
     Lair:2 |   12113 |    4156 |  25.5 |      34 |      11 |  24.4
     Lair:3 |    6666 |     452 |   6.4 |      30 |       1 |   3.2
     Lair:4 |    8572 |    3541 |  29.2 |      35 |      11 |  23.9
     Lair:5 |   10483 |    7628 |  42.1 |      31 |      22 |  41.5
   Shoals:1 |   13850 |       0 |   0.0 |      27 |       0 |   0.0
   Shoals:2 |   11249 |       0 |   0.0 |      22 |       0 |   0.0
   Shoals:3 |    2939 |       0 |   0.0 |       5 |       0 |   0.0
   Shoals:4 |    8964 |   22539 |  71.5 |      22 |      34 |  60.7
    Snake:1 |   15321 |    5177 |  25.3 |      28 |       9 |  24.3
    Snake:2 |   12601 |    4285 |  25.4 |      29 |       6 |  17.1
    Snake:3 |   18168 |    2427 |  11.8 |      36 |       1 |   2.7
    Snake:4 |   19051 |   26293 |  58.0 |      42 |      42 |  50.0
    Slime:1 |   14416 |       0 |   0.0 |      22 |       0 |   0.0
    Slime:2 |   22484 |       0 |   0.0 |      42 |       0 |   0.0
    Slime:3 |    2451 |       0 |   0.0 |       9 |       0 |   0.0
    Slime:4 |     565 |       0 |   0.0 |       3 |       0 |   0.0
    Slime:5 |   12248 |   24018 |  66.2 |      19 |      15 |  44.1
      Orc:1 |    2667 |       0 |   0.0 |      13 |       0 |   0.0
      Orc:2 |    3488 |    7129 |  67.1 |      32 |      61 |  65.6
      Elf:1 |    5422 |   12592 |  69.9 |      21 |      19 |  47.5
      Elf:2 |   20929 |   26867 |  56.2 |      32 |      34 |  51.5
      Elf:3 |   16549 |   37647 |  69.5 |      29 |      33 |  53.2
   Vaults:1 |   15337 |   14276 |  48.2 |      23 |      17 |  42.5
   Vaults:2 |   26750 |   15910 |  37.3 |      52 |      26 |  33.3
   Vaults:3 |   11239 |   30573 |  73.1 |      13 |      38 |  74.5
   Vaults:4 |   41972 |   15458 |  26.9 |      57 |      16 |  21.9
   Depths:1 |   29213 |    5149 |  15.0 |      37 |       7 |  15.9
   Depths:2 |   12861 |   16986 |  56.9 |      14 |      21 |  60.0
   Depths:3 |   39544 |   22347 |  36.1 |      50 |      29 |  36.7
   Depths:4 |   34336 |   13827 |  28.7 |      35 |      12 |  25.5
      Zot:1 |    1738 |       0 |   0.0 |       1 |       0 |   0.0
      Zot:2 |   10688 |       0 |   0.0 |      10 |       0 |   0.0
      Zot:3 |    6671 |       0 |   0.0 |       6 |       0 |   0.0
      Zot:4 |   30314 |    5110 |  14.4 |      24 |       3 |  11.1
      Zot:5 |   19531 |   57359 |  74.6 |      12 |      28 |  70.0
      Sewer |       0 |     121 | 100.0 |       0 |       8 | 100.0
      IceCv |     710 |   10741 |  93.8 |       3 |      39 |  92.9
            +---------+---------+-------+---------+---------+-------

Skill      XL: |  1  2  3  4  5  6  7  8  9 10 11 12 13 14 15 16 17 18 19 20 21 22 23 24 25 |
---------------+----------------------------------------------------------------------------+-----
Fighting       | 1 2 3 6 10 12 14 15 16 18 20 22 | 22.9
Alchemy        | 3 4 5 6 7 |  7.7
Spellcasting   | 3 5 6 10 | 10.3
Maces & Flails | 2 4 10 14 | 14.3
Dodging        | 3 5 6 10 | 10.8
Air Magic      | 2 5 |  5.9
Conjurations   | 4 9 |  9.5
Armour         | 5 6 8 11 13 15 | 15.9
Evocations     | 4 6 9 13 15 | 15.0
Shields        | 7 13 15 | 15.9
Ice Magic      | 3 10 13 15 | 15.6
Necromancy     | 4 7 |  7.2
Translocations | 3 6 |  6.0
Stealth        | |  2.1

Action                     |  1- 3 |  4- 6 |  7- 9 | 10-12 | 13-15 | 16-18 | 19-21 | 22-24 | 25-27 || total
---------------------------+-------+-------+-------+-------+-------+-------+-------+-------+-------++-------
  Melee: Unarmed           |    53 |       |       |       |       |       |       |       |       ||    53
         Punch             |     1 |     1 |     1 |     3 |     6 |       |       |       |       ||    12
         Dagger            |    11 |     6 |       |       |       |       |       |       |       ||    17
         Flail             |       |    53 |   207 |   174 |       |       |       |       |       ||   434
         Eveningstar       |       |       |       |   331 |   977 |  1410 |  1477 |  1761 |   144 ||  6100
  Throw: Dart              |       |       |    11 |    11 |       |       |       |       |       ||    22
   Cast: Sting             |    72 |   113 |    16 |       |       |       |       |       |       ||   201
         Olgreb's Toxic Ra |       |     2 |    37 |    65 |    72 |    11 |     1 |     1 |       ||   189
         Mephitic Cloud    |       |       |       |    26 |    11 |     1 |       |       |       ||    38
         Freezing Cloud    |       |       |       |       |       |    35 |    64 |    50 |       ||   149
         Sculpt Simulacrum |       |       |       |       |       |    19 |    13 |    38 |       ||    70
         Animate Dead      |       |       |       |       |       |       |       |     6 |       ||     6
         Vhi's Electric Ch |       |       |       |       |       |       |       |     2 |       ||     2
 Invoke: Curse Item        |     1 |     2 |     2 |     2 |     5 |     2 |     2 |     2 |       ||    18
         Shatter the Chain |       |     1 |     1 |     1 |     2 |       |     1 |     2 |       ||     8
  Evoke: Wand              |       |       |     7 |     5 |    18 |     4 |    17 |    10 |       ||    61
         Lightning rod     |       |       |       |       |       |     4 |     5 |    11 |       ||    20
         Condenser vane    |       |       |       |       |       |       |       |     2 |     1 ||     3
         Phantom mirror    |       |       |       |       |       |       |       |     1 |     1 ||     2
    Use: Scroll            |       |     2 |       |     7 |     9 |     1 |     7 |    15 |     4 ||    45
         Potion            |       |       |     3 |     2 |     3 |     2 |       |     9 |     8 ||    27
   Stab: Sleeping          |       |       |     1 |     1 |     4 |    25 |     8 |     5 |       ||    44
         Confused          |       |       |       |    25 |     9 |       |       |       |       ||    34
         Invisible         |       |       |       |     1 |     3 |       |       |       |       ||     4
         Distracted        |       |       |       |     1 |     1 |     3 |     3 |     7 |     5 ||    20
         Betrayed ally     |       |       |       |       |       |       |     1 |       |       ||     1
 Armour: Robe              |    45 |       |       |       |       |       |       |       |       ||    45
         Leather armour    |    18 |    69 |   147 |   374 |     9 |       |       |       |       ||   617
         Ring mail         |       |       |       |       |   520 |   530 |   794 |   545 |       ||  2389
         Fire dragon scale |       |       |       |       |       |       |       |   826 |    66 ||   892
  Dodge: Dodged            |    69 |    64 |   138 |   315 |   372 |   565 |   634 |  1104 |    36 ||  3297
  Block: Other             |       |       |    15 |   120 |    48 |       |       |       |       ||   183
         Reflection        |       |       |       |     3 |    19 |   134 |    33 |       |       ||   189
         Kite shield       |       |       |       |       |   570 |  1356 |   963 |  1313 |    57 ||  4259

Illustrated notes

Table legend:
 A = Kills in this place as a percentage of kills in the entire game.
 B = Kills by you in this place as a percentage of kills by you in the entire game.
 C = Kills by friends in this place as a percentage of kills by friends in the entire game.
 D = Other kills in this place as a percentage of other kills in the entire game.
 E = Experience gained in this place as a percentage of experience gained in the entire game.
 F = Experience gained in this place divided by the number of levels of this place that you have seen.
                   A       B       C       D       E      F
               +-------+-------+-------+-------+-------+----------------------
         Total | 100.0 | 100.0 | 100.0 | 100.0 | 100.0 | 18110.1
       Dungeon |  23.4 |  24.8 |   0.0 |  42.9 |   7.2 | 4765.1
          Lair |  10.3 |  11.1 |   0.0 |   4.8 |   5.9 | 11815.4
        Shoals |   5.7 |   6.1 |   0.8 |   0.0 |   6.0 | 14885.2
     Snake Pit |  10.0 |   9.3 |  22.0 |   4.8 |  10.4 | 25830.8
    Slime Pits |   5.7 |   5.2 |  14.6 |   0.0 |   7.6 | 15236.4
  Orcish Mines |   5.5 |   5.8 |   0.0 |  14.3 |   1.3 | 6642.0
   Elven Halls |   8.7 |   8.6 |   8.9 |  19.0 |  12.0 | 40002.0
        Vaults |  12.6 |  12.6 |  14.6 |   0.0 |  17.2 | 42878.8
        Depths |  10.8 |   9.8 |  24.4 |  14.3 |  17.6 | 43910.0
           Zot |   4.6 |   4.0 |  14.6 |   0.0 |  13.5 | 26888.0
         Sewer |   0.4 |   0.4 |   0.0 |   0.0 |   0.0 | 121.0
      Ice Cave |   2.2 |   2.4 |   0.0 |   0.0 |   1.1 | 11451.0
               +-------+-------+-------+-------+-------+----------------------

Table legend: (Time is in decaauts)
 A = Elapsed time spent in this place.
 B = Non-inter-level travel time spent in this place.
 C = Inter-level travel time spent in this place.
 D = Time resting spent in this place.
 E = Time spent auto-exploring this place.
 F = Levels seen in this place.
 G = Mean time per level.
                   A        B        C        D        E       F      G
               +--------+--------+--------+--------+--------+-----+--------+
         Total |  59560 |  54457 |   5103 |   6636 |  35183 |  55 | 1082.9 |
       Dungeon |  19473 |  17243 |   2230 |   2154 |  12066 |  15 | 1298.2 |
          Lair |   6784 |   5781 |   1003 |    420 |   4026 |   5 | 1356.8 |
        Shoals |   3715 |   3511 |    204 |      0 |   2727 |   4 |  928.8 |
     Snake Pit |   5690 |   5504 |    186 |    247 |   4156 |   4 | 1422.5 |
    Slime Pits |   1520 |   1452 |     68 |    628 |    107 |   5 |  304.0 |
  Orcish Mines |   2437 |   1968 |    469 |    184 |   1406 |   2 | 1218.5 |
   Elven Halls |   4768 |   4571 |    197 |   1064 |   2376 |   3 | 1589.3 |
        Vaults |   5747 |   5374 |    373 |    163 |   3989 |   4 | 1436.8 |
        Depths |   5474 |   5166 |    308 |    584 |   3320 |   4 | 1368.5 |
           Zot |   1805 |   1743 |     62 |    481 |    333 |   5 |  361.0 |
        Bazaar |    484 |    484 |      0 |      0 |    312 |   2 |  242.0 |
         Sewer |    220 |    220 |      0 |     31 |    131 |   1 |  220.0 |
      Ice Cave |   1438 |   1438 |      0 |    680 |    232 |   1 | 1438.0 |
               +--------+--------+--------+--------+--------+-----+--------+

Top non-repeatable levels by time:
    D:13: 1962 daAuts
   Orc:2: 1930 daAuts
   Elf:2: 1857 daAuts
  Lair:2: 1847 daAuts
 Snake:4: 1818 daAuts
Depths:3: 1678 daAuts
  Lair:1: 1632 daAuts
Vaults:4: 1626 daAuts
    D:10: 1601 daAuts
     D:8: 1598 daAuts
   Elf:3: 1565 daAuts
  Lair:5: 1524 daAuts
     D:2: 1504 daAuts
 Snake:1: 1468 daAuts
Vaults:2: 1447 daAuts
